 Dungeon Crawl Stone Soup version 0.19.5 (webtiles) character file.

113 Santreim the Insei (level 5, 0/41 HPs)
             Began as a Human Monk on Mar 7, 2017.
             Slain by an iguana (8 damage)
             ... on level 3 of the Dungeon.
             The game lasted 00:10:18 (2421 turns).

Santreim the Insei (Human Monk)                     Turns: 2421, Time: 00:10:19

Health: 0/41       AC:  5    Str: 11    XL:     5   Next: 17%
Magic:  5/5        EV: 14    Int: 11    God:
Gold:   119        SH:  0    Dex: 16    Spells: 0 memorised, 4 levels left

rFire  . . .     SeeInvis .       - Unarmed
rCold  + . .     Gourm    .     s - +0 robe {rC+}
rNeg   . . .     Faith    .     (no shield)
rPois  .         Spirit   .     (no helmet)
rElec  .         Reflect  .     f - +0 cloak
rCorr  .         Harm     .     (no gloves)
MR     .....                    p - +1 pair of boots
Stlth  ++........               (no amulet)
                                (no ring)
                                (no ring)

@: no status effects
A: no striking features
a: no special abilities


You were on level 3 of the Dungeon.
You were not hungry.

You visited 1 branch of the dungeon, and saw 3 of its levels.

You collected 119 gold pieces.

Inventory:

Hand Weapons
 n - a cursed -2 dagger
Missiles
 m - 49 stones (quivered)
 r - 10 poisoned needles
Armour
 a - a +0 robe
 e - a +0 robe
 f - a +0 cloak (worn)
 i - a +0 robe
 j - a +2 centaur barding
 p - a +1 pair of boots (worn)
 s - a +0 robe of cold resistance (worn)
Scrolls
 d - a scroll of identify {unknown}
 k - a scroll of amnesia {unknown}
 l - a scroll of remove curse {unknown}
 q - a scroll of teleportation {unknown}
 t - a scroll of fear {unknown}
 u - 3 scrolls of recharging {unknown}
Potions
 c - a potion of lignification {unknown}
 h - a potion of invisibility {unknown}
 o - a potion of brilliance {unknown}
Comestibles
 b - a bread ration
 g - a fruit


   Skills:
 + Level 3.3 Fighting
 + Level 3.8 Dodging
 + Level 2.2 Stealth
 + Level 4.4 Unarmed Combat


You had 4 spell levels left.
You didn't know any spells.

Dungeon Overview and Level Annotations

Branches:
Dungeon (3/15)

Altars:
Dithmenos
Hepliaklqana


Message History

The iguana bites you. The bat completely misses you.
You closely miss the bat. The bat closely misses you.
The iguana closely misses you.
You hit the iguana but do no damage.
The iguana is heavily wounded.
The bat closely misses you. The iguana bites you!
The iguana closely misses you. The bat hits you. The bat misses you.
The bat hits you but does no damage. The bat hits you.
* * * LOW HITPOINT WARNING * * *
There is an open door, spattered with blood here.
You barely miss the iguana.
The iguana is heavily wounded.
The iguana bites you.
* * * LOW HITPOINT WARNING * * *
You hit the iguana.
The iguana is severely wounded.
The iguana bites you!
You die...

.# ........#### .##
............# ..#
............######..###.
............##..........
............##.......#
............##.......#..
............##o.........
............@lb.......#.
.......†....##..........
...........<...##.###..#
#.#######.####.# .# .#
#.# ..# .. # #.# ####
### #.# #.. ###


You could see an iguana, an orc and a bat.

Vanquished Creatures
  Jessica (D:2)
  2 adders (D:2)
  An ooze (D:2)
  2 worms (D:2)
  3 dart slugs (D:2)
  A leopard gecko (D:3)
  2 giant cockroaches (D:2)
  4 goblins
  3 hobgoblins (D:1)
  10 jackals
  7 kobolds
  7 bats
  6 frilled lizards
  4 rats (D:1)
53 creatures vanquished.

Notes
Turn   | Place    | Note
-------+----------+-------------------------------------------
     0 | D:1      | Santreim the Human Monk began the quest for the Orb.
     0 | D:1      | Reached XP level 1. HP: 18/18 MP: 1/1
     2 | D:1      | Noticed an electric eel
   391 | D:1      | Reached XP level 2. HP: 17/24 MP: 2/2
   722 | D:1      | Reached XP level 3. HP: 21/29 MP: 3/3
  1551 | D:2      | Reached XP level 4. HP: 31/35 MP: 4/4
  1552 | D:2      | Found a shadowy altar of Dithmenos.
  1680 | D:2      | Reached skill level 4 in Unarmed Combat
  2088 | D:2      | Found a hazy altar of Hepliaklqana.
  2136 | D:2      | Noticed Jessica
  2145 | D:2      | Killed Jessica
  2145 | D:2      | Reached XP level 5. HP: 39/41 MP: 5/5
  2421 | D:3      | Slain by an iguana

Skill      XL: |  1  2  3  4 |
---------------+-------------+-----
Unarmed Combat | 4 |  4.4
Fighting       | |  3.3
Dodging        | |  3.8
Stealth        | |  2.2

Action                   |  1- 3 |  4- 6 || total
-------------------------+-------+-------++-------
Melee: Unarmed           |   132 |    84 ||   216
       Punch             |     1 |     3 ||     4
 Stab: Sleeping          |     3 |     2 ||     5
       Distracted        |       |     1 ||     1
  Eat: Chunk             |     1 |     3 ||     4
       Fruit             |     1 |       ||     1
Armor: Robe              |    40 |    14 ||    54
Dodge: Dodged            |   116 |    66 ||   182
